 Dungeon Crawl Stone Soup version 0.28-a0-1152-g9c71ebef14 (webtiles) character file.

Game seed: 17992318744580711739

23 ytrimaz the Skirmisher (level 2, 0/24 HPs)
             Began as a Demonspawn Fighter on Dec 14, 2021.
             Slain by a kobold (1 damage)
             ... on level 1 of the Dungeon.
             The game lasted 00:00:59 (587 turns).

ytrimaz the Skirmisher (Demonspawn Fighter)          Turns: 587, Time: 00:01:00

Health: 0/24       AC:  7    Str: 16    XL:     2   Next: 75%
Magic:  2/2        EV:  9    Int:  9    God:
Gold:   0          SH:  4    Dex: 12    Spells: 1/1 levels left

rFire   . . .      SeeInvis .   (no weapon)
rCold   . . .      Faith    .   c - +0 buckler
rNeg    . . .      Spirit   .   b - +0 scale mail
rPois   .          Reflect  .   (no helmet)
rElec   .          Harm     .   (no cloak)
rCorr   .          Rampage  .   (no gloves)
Will    .....                   e - +0 pair of boots
Stlth   ..........              (no amulet)
HPRegen 0.08/turn               (no ring)
MPRegen 0.08/turn               (no ring)

@: mighty
A: demonic touch 1
a: no special abilities


You were on level 1 of the Dungeon.
You visited 1 branch of the dungeon, and saw 1 of its levels.

Inventory:

Hand Weapons
 a - a +0 war axe
Armour
 b - a +0 scale mail (worn)
 c - a +0 buckler (worn)
 e - a +0 pair of boots (worn)


   Skills:
 + Level 3.2 Fighting
 - Level 1.8 Axes
 + Level 3.0 Armour
 + Level 3.0 Shields
 * Level 0.6 Unarmed Combat


You had one spell level left.
You didn't know any spells.
Your spell library contained the following spells:

 Spells                   Type           Power      Damage    Failure   Level
 Slow                     Hex            0%         N/A       86%         1
 Confusing Touch          Hex            0%         N/A       99%         3
 Vampiric Draining        Necr           0%         2d6       99%         3


Dungeon Overview and Level Annotations

Branches:
Dungeon (1/15)

Altars:

Shops:
D:1 ?


Innate Abilities, Weirdness & Mutations

Your touch may inflict minor irresistible damage on your foes.


Message History

You barely miss the hobgoblin. The bat hits you. The hobgoblin hits you.
* * * LOW HITPOINT WARNING * * *
You hit the hobgoblin.
The hobgoblin is almost dead.
The bat hits you but does no damage.
The hobgoblin hits you but does no damage.
You barely miss the hobgoblin.
The hobgoblin is almost dead.
The bat hits you but does no damage.
The hobgoblin hits you but does no damage.
The hobgoblin barely misses you.
You are too injured to fight recklessly!
You closely miss the hobgoblin.
The hobgoblin is almost dead.
The bat hits you but does no damage.
You are too injured to fight recklessly!
You punch the hobgoblin!
You kill the hobgoblin!
The bat hits you but does no damage.
Your Shields skill increases to level 3!
You are too injured to fight recklessly!
You are too injured to fight recklessly!
Found a robe.
You block the bat's attack. The bat hits you.
* * * LOW HITPOINT WARNING * * *
The bat hits you but does no damage.
You punch the bat!
You kill the bat!
A kobold comes into view. It is wielding a +0 short sword.
A kobold is nearby!
A kobold is nearby!
The kobold shouts!
An endoplasm comes into view.
A frilled lizard comes into view.
The frilled lizard hisses angrily.
The kobold hits you with a +0 short sword.
* * * LOW HITPOINT WARNING * * *
A goblin comes into view. It is wielding a +0 club.
You barely miss the kobold.
The kobold hits you with a +0 short sword.
You die...

..g.......######.##
................[.## #
..l....J...........##
#
..................!.#
.
....................#
.
.....................
.
....................#
. #K@............. .
.##......†.....#.. .
#.................
.........#..###...# .
............##
#.#.##.# #......##.[.#
##......
##.....##..####....#
#.........##.....####.
.......∩...†...)....


You could see an endoplasm, a goblin, a kobold and a frilled lizard.

Vanquished Creatures
  A ball python (D:1)
  4 bats (D:1)
  A giant cockroach (D:1)
  3 hobgoblins (D:1)
  3 jackals (D:1)
  3 kobolds (D:1)
  A quokka (D:1)
  A frilled lizard (D:1)
  3 rats (D:1)
20 creatures vanquished.

Notes
Turn   | Place    | Note
-------+----------+-------------------------------------------
     0 | D:1      | ytrimaz the Demonspawn Fighter began the quest for the Orb.
     0 | D:1      | Reached XP level 1. HP: 18/18 MP: 1/1
   236 | D:1      | Found a faded altar of an unknown god.
   274 | D:1      | Gained mutation: Your touch may inflict minor irresistible
                  | damage on your foes. [demonic ancestry]
   274 | D:1      | Reached XP level 2. HP: 12/24 MP: 2/2
   437 | D:1      | Found Ucziecs's Magic Scroll Shoppe.
   586 | D:1      | HP: 1/24 [kobold (4)]
   587 | D:1      | Slain by a kobold

Illustrated notes

Levels and vault maps discovered:
D:1:      sevenhm_arrival_forest_fort_large_2, layout_rooms, serial_rivers,
          chequers_serial_rivers_micro_a, chequers_serial_rivers_micro_a,
          chequers_serial_rivers_micro_b, chequers_serial_rivers_large_a,
          ebering_ecumenical_altar_abandoned, serial_shops, nicolae_square_shop

Skill      XL: |  1  2 |
---------------+-------+-----
Armour         | 3 |  3.0
Shields        | 3 |  3.0
Fighting       | |  3.2
Axes           | |  1.8
Unarmed Combat | |  0.6

Action                   || total
-------------------------++-------
Melee: War axe           ||    25
       Unarmed           ||    84
  Use: Scroll            ||     1
       Potion            ||     1
Armor: Scale mail        ||    53
Dodge: Dodged            ||    55
Block: Buckler           ||    26

Table legend: (Time is in decaauts)
 A = Elapsed time spent in this place.
 B = Non-inter-level travel time spent in this place.
 C = Inter-level travel time spent in this place.
 D = Time resting spent in this place.
 E = Time spent auto-exploring this place.
 F = Levels seen in this place.
 G = Mean time per level.
                   A        B        C        D        E       F      G
               +--------+--------+--------+--------+--------+-----+--------+
         Total |    606 |    606 |      0 |      0 |    401 |   1 |  606.0 |
       Dungeon |    606 |    606 |      0 |      0 |    401 |   1 |  606.0 |
               +--------+--------+--------+--------+--------+-----+--------+

Top non-repeatable levels by time:
     D:1: 606 daAuts
